TOP OF THE 1ST |
Albuquerque Isotopes batting - Pitching for Santa Monica Bruins : RHP Rafael Blanco
|
Pitching: RHP Rafael Blanco
|
|
Batting: SHB Tony McLaughlin
|
0-0: Ball 1-0: Foul Ball, location: 2F 1-1: Ball 2-1: Swinging Strike 2-2: Foul Ball, location: 2F 2-2: SINGLE (Flyball, 8RS)
|
Batting: RHB Cristián Herrera
|
0-0: Ball 1-0: Called Strike 1-1: Ball 2-1: Fly out, F7 (Flyball, 7M)
|
Batting: LHB Donald Camp
|
0-0: Ball 1-0: Called Strike 1-1: Foul Ball, location: 2F 1-2: Foul Ball, location: 2F 1-2: Foul Ball, location: 2F 1-2: Foul Ball, location: 2F 1-2: Strikes out swinging
|
Batting: RHB Edward Young
|
0-0: Ball 1-0: Ground out 6-3 (Groundball, 6)
|
Top of the 1st over - 0 run(s), 1 hit(s), 0 error(s), 1 left on base; Albuquerque 0 - Santa Monica 0 |
BOTTOM OF THE 1ST |
Santa Monica Bruins batting - Pitching for Albuquerque Isotopes : RHP Zózimo Pascoal
|
Pitching: RHP Zózimo Pascoal
|
|
Batting: RHB Iván De Jesús
|
0-0: Ball 1-0: Ground out 4-3 (Groundball, 4)
|
Batting: LHB Ken Poche
|
0-0: Ball 1-0: Ball 2-0: Ball 3-0: Base on Balls
|
Batting: LHB Pablo Rivas
|
0-0: Called Strike 0-1: Ball 1-1: SINGLE (Line Drive, 7LS) Ken Poche to second
|
Batting: LHB Germán Charfauros
|
0-0: Fly out, F7 (Flyball, 7D) Runner from 2nd tags up, SAFE at 3rd, no throw
|
Batting: RHB Juan Acuńa
|
0-0: Fly out, F9 (Flyball, 9M)
|
Bottom of the 1st over - 0 run(s), 1 hit(s), 0 error(s), 2 left on base; Albuquerque 0 - Santa Monica 0 |
TOP OF THE 2ND |
Albuquerque Isotopes batting - Pitching for Santa Monica Bruins : RHP Rafael Blanco
|
Batting: LHB Mark Vestal
|
0-0: Called Strike 0-1: SINGLE (Groundball, 3D)
|
Batting: LHB Domingo Cardona
|
0-0: Ball 1-0: Ball 2-0: Foul Ball, location: 2F 2-1: 2-RUN HOME RUN (Flyball, 9LD), Distance : 346 ft
|
Batting: RHB Juan Barrera
|
0-0: Foul Ball, location: 2F 0-1: Ground out 3-1 (Groundball, 34)
|
Batting: RHB Sze Qi
|
0-0: Ball 1-0: Ball 2-0: Foul Ball, location: 2F 2-1: Foul Ball, location: 2F 2-2: Foul Ball, location: 2F 2-2: SINGLE (Groundball, 6MD)
|
Batting: RHB Len Burke
|
0-0: Foul Ball, location: 2F 0-1: Ball 1-1: Grounds into double play, 5-4-3 (Groundball, 5)
|
Top of the 2nd over - 2 run(s), 3 hit(s), 0 error(s), 0 left on base; Albuquerque 2 - Santa Monica 0 |
BOTTOM OF THE 2ND |
Santa Monica Bruins batting - Pitching for Albuquerque Isotopes : RHP Zózimo Pascoal
|
Batting: RHB Armando Méndez
|
0-0: Ball 1-0: Foul Ball, location: 2F 1-1: Ball 2-1: Ball 3-1: Swinging Strike 3-2: Foul Ball, location: 2F 3-2: Strikes out looking
|
Batting: LHB Bob Cunningham
|
0-0: Called Strike 0-1: Fly out, F7 (Flyball, 7D)
|
Batting: RHB Miguel Moreno
|
0-0: Ball 1-0: Called Strike 1-1: Swinging Strike 1-2: Ball 2-2: Ball 3-2: Base on Balls
|
Batting: LHB Greg Schultz
|
0-0: Called Strike 0-1: Called Strike 0-2: Ball 1-2: Ball 2-2: Strikes out swinging
|
Bottom of the 2nd over - 0 run(s), 0 hit(s), 0 error(s), 1 left on base; Albuquerque 2 - Santa Monica 0 |
TOP OF THE 3RD |
Albuquerque Isotopes batting - Pitching for Santa Monica Bruins : RHP Rafael Blanco
|
Batting: SHB Tony McLaughlin
|
0-0: Foul Ball, location: 2F 0-1: Ball 1-1: Ball 2-1: Foul Ball, location: 2F 2-2: Foul Ball, location: 2F 2-2: Foul Ball, location: 2F 2-2: Fly out, F8 (Flyball, 78M)
|
Batting: RHB Cristián Herrera
|
0-0: Ball 1-0: Called Strike 1-1: Ball 2-1: Fly out, F3 (Popup, 3L)
|
Batting: LHB Donald Camp
|
0-0: Ball 1-0: Foul Ball, location: 2F 1-1: Ball 2-1: Ball 3-1: Foul Ball, location: 2F 3-2: Base on Balls
|
Batting: RHB Edward Young
|
0-0: Ball 1-0: Ball 2-0: Foul Ball, location: 2F 2-1: Ball Single, Error in OF, E8, batter to second base Donald Camp to third
|
Batting: LHB Mark Vestal
|
0-0: Foul Ball, location: 2F 0-1: Fly out, F6 (Popup, 6)
|
Top of the 3rd over - 0 run(s), 1 hit(s), 1 error(s), 2 left on base; Albuquerque 2 - Santa Monica 0 |
BOTTOM OF THE 3RD |
Santa Monica Bruins batting - Pitching for Albuquerque Isotopes : RHP Zózimo Pascoal
|
Batting: RHB Iván De Jesús
|
0-0: Ground out 6-3 (Groundball, 56)
|
Batting: LHB Ken Poche
|
0-0: Foul Ball, location: 2F 0-1: Called Strike 0-2: Ball 1-2: Ball 2-2: Ball 3-2: DOUBLE (Line Drive, 3D)
|
Batting: LHB Pablo Rivas
|
0-0: Ball 1-0: Ball 2-0: Swinging Strike 2-1: Swinging Strike 2-2: SINGLE (Groundball, 56S) Ken Poche to third Runner from 3rd tries for Home, SAFE, no throw or cutoff
|
Batting: LHB Germán Charfauros
|
0-0: Ball Pablo Rivas steals 2nd base 1-0: Swinging Strike 1-1: Foul Ball, location: 2F 1-2: Foul Ball, location: 2F 1-2: Strikes out swinging
|
Batting: RHB Juan Acuńa
|
0-0: Called Strike 0-1: Ball 1-1: Ball 2-1: Called Strike 2-2: Foul Ball, location: 2F 2-2: Ball 3-2: Base on Balls
|
Batting: RHB Armando Méndez
|
0-0: Ball 1-0: Swinging Strike 1-1: Ball 2-1: Foul Ball, location: 2F 2-2: Strikes out swinging
|
Bottom of the 3rd over - 1 run(s), 2 hit(s), 0 error(s), 2 left on base; Albuquerque 2 - Santa Monica 1 |
TOP OF THE 4TH |
Albuquerque Isotopes batting - Pitching for Santa Monica Bruins : RHP Rafael Blanco
|
Batting: LHB Domingo Cardona
|
0-0: Called Strike 0-1: Ball 1-1: Called Strike 1-2: Ball 2-2: Foul Ball, location: 2F 2-2: Strikes out swinging
|
Batting: RHB Juan Barrera
|
0-0: SINGLE (Flyball, 7S)
|
Batting: RHB Sze Qi
|
0-0: Called Strike 0-1: Ball 1-1: Ball 2-1: Fly out, F4 (Popup, 89S)
|
Batting: RHB Len Burke
|
0-0: Called Strike 0-1: 2-RUN HOME RUN (Flyball, 7LD), Distance : 339 ft
|
Batting: SHB Tony McLaughlin
|
0-0: Ball 1-0: Called Strike 1-1: Fly out, F8 (Flyball, 8LM)
|
Top of the 4th over - 2 run(s), 2 hit(s), 0 error(s), 0 left on base; Albuquerque 4 - Santa Monica 1 |
BOTTOM OF THE 4TH |
Santa Monica Bruins batting - Pitching for Albuquerque Isotopes : RHP Zózimo Pascoal
|
Batting: LHB Bob Cunningham
|
0-0: Foul Ball, location: 2F 0-1: Called Strike 0-2: Foul Ball, location: 2F 0-2: Strikes out swinging
|
Batting: RHB Miguel Moreno
|
0-0: Foul Ball, location: 2F 0-1: Swinging Strike 0-2: Strikes out swinging
|
Batting: LHB Greg Schultz
|
0-0: Ball 1-0: Ball 2-0: Called Strike 2-1: DOUBLE (Line Drive, 89D) - OUT at third base trying to stretch hit.
|
Bottom of the 4th over - 0 run(s), 1 hit(s), 0 error(s), 0 left on base; Albuquerque 4 - Santa Monica 1 |
TOP OF THE 5TH |
Albuquerque Isotopes batting - Pitching for Santa Monica Bruins : RHP Rafael Blanco
|
Batting: RHB Cristián Herrera
|
0-0: Ball 1-0: Ball 2-0: Ball 3-0: Base on Balls
|
Batting: LHB Donald Camp
|
0-0: Called Strike 0-1: Fly out, F4 (Line Drive, 34)
|
Batting: RHB Edward Young
|
0-0: Foul Ball, location: 2F 0-1: DOUBLE (Groundball, 5L) Cristián Herrera to third Runner from 3rd tries for Home, SAFE, no throw or cutoff
|
Batting: LHB Mark Vestal
|
0-0: Foul Ball, location: 2F 0-1: Ball 1-1: Foul Ball, location: 2F 1-2: 2-RUN HOME RUN (Flyball, 9LD), Distance : 357 ft
|
Batting: LHB Domingo Cardona
|
0-0: Called Strike 0-1: Ball 1-1: Ball 2-1: Foul Ball, location: 2F 2-2: Strikes out swinging
|
Batting: RHB Juan Barrera
|
0-0: Ball 1-0: Called Strike 1-1: Ball 2-1: Foul Ball, location: 2F 2-2: Hit by Pitch
|
Batting: RHB Sze Qi
|
0-0: Called Strike 0-1: Swinging Strike 0-2: Strikes out swinging
|
Top of the 5th over - 3 run(s), 2 hit(s), 0 error(s), 1 left on base; Albuquerque 7 - Santa Monica 1 |
BOTTOM OF THE 5TH |
Santa Monica Bruins batting - Pitching for Albuquerque Isotopes : RHP Zózimo Pascoal
|
Batting: RHB Iván De Jesús
|
0-0: Called Strike 0-1: Ball 1-1: Ball 2-1: Ball 3-1: Foul Ball, location: 2F 3-2: Base on Balls
|
Batting: LHB Ken Poche
|
0-0: Called Strike 0-1: Called Strike 0-2: Grounds into double play, 4-6-3 (Groundball, 34)
|
Batting: LHB Pablo Rivas
|
0-0: Ball 1-0: Fly out, F8 (Flyball, 8LXD)
|
Bottom of the 5th over - 0 run(s), 0 hit(s), 0 error(s), 0 left on base; Albuquerque 7 - Santa Monica 1 |
TOP OF THE 6TH |
Albuquerque Isotopes batting - Pitching for Santa Monica Bruins : RHP Rafael Blanco
|
Pitching: RHP Mark Ross
|
|
Batting: RHB Len Burke
|
0-0: Called Strike 0-1: Swinging Strike 0-2: Foul Ball, location: 2F 0-2: Ball 1-2: Strikes out swinging
|
Batting: SHB Tony McLaughlin
|
0-0: Ball 1-0: Ball 2-0: Ball 3-0: Base on Balls
|
Batting: RHB Cristián Herrera
|
0-0: Ball 1-0: SINGLE (Flyball, 9LM) Tony McLaughlin to second Runner from 2nd tries for 3rd, SAFE, no throw or cutoff
|
Batting: LHB Donald Camp
|
0-0: Ball 1-0: Ball 2-0: Called Strike 2-1: Ball 3-1: Reached on error, E1 (Groundball, 13S) Tony McLaughlin scores Cristián Herrera to second
|
Batting: RHB Edward Young
|
0-0: Called Strike 0-1: Called Strike 0-2: Ball 1-2: Ball 2-2: Ball 3-2: Strikes out swinging
|
Batting: LHB Mark Vestal
|
0-0: Foul Ball, location: 2F 0-1: Ball 1-1: Ball 2-1: Ball 3-1: Called Strike 3-2: Foul Ball, location: 2F 3-2: Foul Ball, location: 2F 3-2: Foul Ball, location: 2F 3-2: Foul Ball, location: 2F 3-2: Fly out, F8 (Flyball, 8LXD)
|
Top of the 6th over - 1 run(s), 1 hit(s), 1 error(s), 2 left on base; Albuquerque 8 - Santa Monica 1 |
BOTTOM OF THE 6TH |
Santa Monica Bruins batting - Pitching for Albuquerque Isotopes : RHP Zózimo Pascoal
|
Batting: LHB Germán Charfauros
|
0-0: Ball 1-0: Ball 2-0: Ground out 1-3 (Groundball, 13S)
|
Batting: RHB Juan Acuńa
|
0-0: Swinging Strike 0-1: Called Strike 0-2: Ball 1-2: Ball 2-2: Ground out 5-3 (Groundball, 5S)
|
Batting: RHB Armando Méndez
|
0-0: Ball 1-0: Called Strike 1-1: Fly out, F7 (Flyball, 7D)
|
Bottom of the 6th over - 0 run(s), 0 hit(s), 0 error(s), 0 left on base; Albuquerque 8 - Santa Monica 1 |
TOP OF THE 7TH |
Albuquerque Isotopes batting - Pitching for Santa Monica Bruins : RHP Mark Ross
|
Batting: LHB Domingo Cardona
|
0-0: Ball 1-0: Called Strike 1-1: Ball 2-1: Ball 3-1: Foul Ball, location: 2F 3-2: Base on Balls
|
Pitching: RHP David West
|
|
Batting: RHB Juan Barrera
|
0-0: Bunted foul 0-1: Bunted foul 0-2: Ball 1-2: Fly out, F8 (Flyball, 8LM)
|
Batting: RHB Sze Qi
|
0-0: Called Strike 0-1: Ball 1-1: Ball 2-1: Foul Ball, location: 2F 2-2: Foul Ball, location: 2F 2-2: Grounds into double play, 4-6-3 (Groundball, 4)
|
Top of the 7th over - 0 run(s), 0 hit(s), 0 error(s), 0 left on base; Albuquerque 8 - Santa Monica 1 |
BOTTOM OF THE 7TH |
Santa Monica Bruins batting - Pitching for Albuquerque Isotopes : RHP Zózimo Pascoal
|
Pitching: RHP Pepe Hernández
|
|
Batting: LHB Bob Cunningham
|
0-0: Ball 1-0: Ground out 4-3 (Groundball, 34)
|
Batting: RHB Miguel Moreno
|
0-0: Ball 1-0: Swinging Strike 1-1: SINGLE (Flyball, 8RS)
|
Batting: LHB Greg Schultz
|
0-0: Ball 1-0: Swinging Strike 1-1: Swinging Strike 1-2: Ball 2-2: Foul Ball, location: 2F 2-2: Foul Ball, location: 2F 2-2: Ball 3-2: SINGLE (Line Drive, 9S) Miguel Moreno to second Miguel Moreno to third
|
Batting: RHB Iván De Jesús
|
0-0: Called Strike 0-1: Grounds into double play, 6-4-3 (Groundball, 6)
|
Bottom of the 7th over - 0 run(s), 2 hit(s), 0 error(s), 1 left on base; Albuquerque 8 - Santa Monica 1 |
TOP OF THE 8TH |
Albuquerque Isotopes batting - Pitching for Santa Monica Bruins : RHP David West
|
Batting: RHB Len Burke
|
0-0: Called Strike 0-1: SINGLE (Line Drive, 4MD)
|
Batting: SHB Tony McLaughlin
|
0-0: Bunted foul 0-1: Bunted foul 0-2: Ground out 3-1 (Groundball, 34) Len Burke to second
|
Batting: RHB Cristián Herrera
|
0-0: Foul Ball, location: 2F 0-1: Fly out, F9 (Popup, 34D)
|
Batting: LHB Donald Camp
|
0-0: Swinging Strike 0-1: Foul Ball, location: 2F 0-2: Ball 1-2: Ball 2-2: Foul Ball, location: 2F 2-2: Ground out 4-3 (Groundball, 4)
|
Top of the 8th over - 0 run(s), 1 hit(s), 0 error(s), 1 left on base; Albuquerque 8 - Santa Monica 1 |
BOTTOM OF THE 8TH |
Santa Monica Bruins batting - Pitching for Albuquerque Isotopes : RHP Pepe Hernández
|
Now at 2B: Jorge Ramírez
|
|
Batting: LHB Ken Poche
|
0-0: Foul Ball, location: 2F 0-1: SINGLE (Groundball, 5S)
|
Batting: LHB Pablo Rivas
|
0-0: Ball 1-0: Called Strike 1-1: Foul Ball, location: 2F 1-2: Ball 2-2: Ball 3-2: Base on Balls Ken Poche to second
|
Batting: LHB Germán Charfauros
|
0-0: Swinging Strike 0-1: Swinging Strike 0-2: Strikes out swinging
|
Batting: RHB Juan Acuńa
|
0-0: Ball 1-0: Foul Ball, location: 2F 1-1: Fly out, F6 (Line Drive, 6)
|
Batting: RHB Armando Méndez
|
0-0: Called Strike 0-1: Ball 1-1: Ball 2-1: SINGLE (Line Drive, 34D) Ken Poche to third Pablo Rivas to second Runner from 3rd tries for Home, SAFE, no throw or cutoff
|
Batting: LHB Bob Cunningham
|
0-0: Called Strike 0-1: Swinging Strike 0-2: Ball 1-2: Ball 2-2: Fly out, F5 (Popup, 5)
|
Bottom of the 8th over - 1 run(s), 2 hit(s), 0 error(s), 2 left on base; Albuquerque 8 - Santa Monica 2 |
TOP OF THE 9TH |
Albuquerque Isotopes batting - Pitching for Santa Monica Bruins : RHP David West
|
Batting: RHB Edward Young
|
0-0: Called Strike 0-1: Ball 1-1: Foul Ball, location: 2F 1-2: SOLO HOME RUN (Flyball, 89XD), Distance : 397 ft
|
Batting: LHB Mark Vestal
|
0-0: Ball 1-0: Ball 2-0: Called Strike 2-1: Ball 3-1: Foul Ball, location: 2F 3-2: Foul Ball, location: 2F 3-2: Foul Ball, location: 2F 3-2: Foul Ball, location: 2F 3-2: Foul Ball, location: 2F 3-2: SINGLE (Line Drive, 56D)
|
Batting: LHB Domingo Cardona
|
0-0: Foul Ball, location: 2F 0-1: Foul Ball, location: 2F 0-2: Fly out, F5 (Popup, 5F)
|
Batting: RHB Juan Barrera
|
0-0: Called Strike 0-1: Ball 1-1: Ball 2-1: DOUBLE (Flyball, 7LD) Mark Vestal to third Runner from 3rd tries for Home, SAFE, throw made at trailing runner, OUT at third!
|
Batting: RHB Sze Qi
|
0-0: Swinging Strike 0-1: Foul Ball, location: 2F 0-2: Strikes out swinging
|
Top of the 9th over - 2 run(s), 3 hit(s), 0 error(s), 0 left on base; Albuquerque 10 - Santa Monica 2 |
BOTTOM OF THE 9TH |
Santa Monica Bruins batting - Pitching for Albuquerque Isotopes : RHP Pepe Hernández
|
Now at C: António De Los Ángeles
|
|
Now at 1B: Wilson Gonzáles
|
|
Now in LF: Raúl Torres
|
|
Batting: RHB Miguel Moreno
|
0-0: Called Strike 0-1: Ball 1-1: SINGLE (Line Drive, 6MD)
|
Batting: LHB Greg Schultz
|
0-0: Foul Ball, location: 2F 0-1: Ball 1-1: Foul Ball, location: 2F 1-2: Ball 2-2: Foul Ball, location: 2F 2-2: Ball 3-2: Foul Ball, location: 2F 3-2: Base on Balls Miguel Moreno to second
|
Batting: RHB Iván De Jesús
|
0-0: Swinging Strike 0-1: Fly out, F4 (Popup, 4)
|
Pitching: RHP Arthur Smith
|
|
Batting: LHB Ken Poche
|
0-0: Swinging Strike 0-1: Foul Ball, location: 2F 0-2: Strikes out swinging
|
Batting: LHB Pablo Rivas
|
0-0: Called Strike 0-1: Ball 1-1: Swinging Strike 1-2: Ball 2-2: Fly out, F9 (Flyball, 9LD)
|
Bottom of the 9th over - 0 run(s), 1 hit(s), 0 error(s), 2 left on base; Albuquerque 10 - Santa Monica 2 |
|